 Dungeon Sprint DCSS version 0.17-a0-1646-geb1493d (webtiles) character file.

17097 Kidiri the Unseen (level 12, -2/50 (51) HPs)
             Began as a Spriggan Enchanter on Aug 10, 2015.
             Was the Champion of Dithmenos.
             Slain by the 27-headed Lernaean hydra (9 damage)
             ... in the Dungeon (Sprint I: "Red Sonja").
             The game lasted 00:24:25 (3457 turns).

Kidiri the Unseen (Spriggan Enchanter)              Turns: 3457, Time: 00:24:25

HP:   -2/50 (51)    AC:  4    Str:  4    XL:     12   Next: 15%
MP:   18/32         EV: 33    Int: 19    God:    Dithmenos [******]
Gold: 661           SH:  0    Dex: 17    Spells: 11 memorised, 1 level left

rFire  + . .     SeeInvis +     p - +2 dagger (distort)
rCold  + . .     Clarity  +     q - +2 robe {rC+ rF+}
rNeg   + . .     SustAt   .     (shield restricted)
rPois  .         Gourm    .     (helmet restricted)
rElec  .         Spirit   .     (no cloak)
rCorr  .         Warding  .     (gloves unavailable)
rMut   .         NoTele   +     (boots unavailable)
MR     ++...                    c - amulet of faith
Stlth  ++++++++++               w - ring of positive energy
                                v - ring of flight

@: wreathed by umbra, very quick, very resistant to hostile enchantments,
uncannily stealthy
A: unfitting armour, fangs 1, see invisible, clarity, clumsy 1, herbivore 3,
speed 3, slow metabolism 2
a: Shadow Step, Shadow Form, Renounce Religion, Evoke Flight


You were in the Dungeon.
You worshipped Dithmenos.
Dithmenos was exalted by your worship.
You were full.

You visited 1 branch You collected 2602 gold pieces.
You spent 1941 gold pieces at shops.

Inventory:

Hand weapons
 p - a +2 dagger of distortion (weapon)
Armour
 q - a +2 robe of resistance (worn)
Jewellery
 c - an amulet of faith (around neck)
 u - an uncursed ring of protection from magic
 v - a ring of flight (left hand)
 w - a ring of positive energy (right hand)
Magical devices
 k - a wand of digging (16)
Scrolls
 a - a scroll of fear
 j - a scroll of blinking
 m - a scroll of magic mapping
 s - a scroll of remove curse
 t - a scroll of recharging
 x - a scroll of enchant armour {unknown}
Potions
 b - 3 potions of curing
 e - a potion of lignification
 f - a potion of heal wounds
 g - a potion of haste
 h - 2 potions of magic
 i - a potion of berserk rage
 l - 2 potions of flight
 n - a potion of might
 r - a potion of agility
Books
 o - a book of Burglary

   Spells                             Type                      Level
   a - Swiftness                      Charms/Air                   2
   b - Passwall                       Transmutation/Earth          3
   c - Passage of Golubria            Translocation                4
   d - Lee's Rapid Deconstruction     Earth                        5
   e - Darkness                       Hexes                        6
   f - Invisibility                   Hexes                        6
Comestibles
 d - a bread ration


   Skills:
 + Level 10.5 Short Blades
 * Level 18.0 Dodging
 * Level 19.4 Stealth
 * Level 15.6 Spellcasting
 + Level 6.9 Conjurations
 + Level 11.9 Hexes
 + Level 7.0 Transmutations
 + Level 7.9 Ice Magic
 + Level 4.7 Earth Magic
 - Level 8.3 Invocations
 + Level 0.6 Evocations


You had one spell level left.
You knew the following spells:

 Your Spells              Type           Power        Failure   Level  Hunger
a - Corona                Hex            ######.      1%          1    None
b - Ensorcelled Hibernat  Hex/Ice        ######       1%          2    None
c - Confuse               Hex            ######..     1%          3    None
d - Tukima's Dance        Hex            ######..     1%          3    None
e - Dazzling Spray        Conj/Hex       ######..     1%          3    None
f - Stoneskin             Trmt/Erth      #####...     1%          2    None
g - Irradiate             Conj/Trmt      #####.....   10%         5    ###....
h - Hydra Form            Trmt           #####.....   41%         6    #####..
i - Statue Form           Trmt/Erth      #####....    67%         6    #####..
j - Dragon Form           Trmt           #####.....   99%         7    ######.
k - Passwall              Trmt/Erth      #####.....   1%          3    None


Dungeon Overview and Level Annotations

Branches:
Dungeon (1/1)

Altars:
Cheibriados
Dithmenos
Elyvilon
Fedhas
Gozag
Kikubaaqudgha
Makhleb
Nemelex Xobeh
Okawaru
Qazlal
Ru
Sif Muna
Trog
Vehumet
Xom
Yredelemnul
Zin
The Shining One
Jiyva

Shops:
D :*[?[%%[**[*[[[[?*

Annotations:
D exclusion: oklob plant, Lernaean hydra, Norris


Innate Abilities, Weirdness & Mutations

You are tiny and cannot use many weapons and most armour.
You have supernaturally acute eyesight.
You are a herbivore.
You cover ground extremely quickly.
You need consume almost no food.
You have very sharp teeth.
You possess an exceptional clarity of mind.
You are clumsy. (Dex -2)


Message History

Confirm with . or Enter, or press ? or * to list all spells.
Aiming: Dazzling Spray
Press: ? - help, Shift-Dir - straight line, f/p - 27-headed Lernaean hydra
Aim: the 27-headed Lernaean hydra (lightly wounded, umbra)
The spray of energy hits the 27-headed Lernaean hydra.
The 27-headed Lernaean hydra is moderately wounded.
Casting: Dazzling Spray
Confirm with . or Enter, or press ? or * to list all spells.
Aiming: Dazzling Spray
Press: ? - help, Shift-Dir - straight line, f/p - 27-headed Lernaean hydra
Aim: the 27-headed Lernaean hydra (moderately wounded, umbra)
The spray of energy hits the 27-headed Lernaean hydra.
The 27-headed Lernaean hydra is moderately wounded.
The 27-headed Lernaean hydra bites you!
You emit a cloud of dark smoke.
The 27-headed Lernaean hydra bites you. x2
The 27-headed Lernaean hydra bites you! The 27-headed Lernaean hydra bites you.
The 27-headed Lernaean hydra bites you!
* * * LOW HITPOINT WARNING * * *
You emit a cloud of dark smoke.
The 27-headed Lernaean hydra bites you!
You die...

#######################**********
§§..+§§....+..#^.+.§§§#,,,,,,,,,*
§####§§§§.##..+^^#.§§§##,,,,,,,,*
§#(###§§§#######'#.§§)§#####,,,,*
§#+#.###+#,,,*#..#§§.§§#...#,,,,*
##^..#@#,**,,,#§§##...§#(∩)#,,,,*
§#...###,,***,#§@§###+##..§#,,,,*
.+.....#*,*,*,#§D§§}#§####+#,,,,*
§#^....#,,***,#.§≈)##+#§.§§##,,,*
§###++##,**,,,#..≈##..§^§§§.##,,*
##*,,***,,*+**#).≈#^.§§§.§§..#,,*
#***,,***,,,*P≈..##.§.§§§§...##,*
#,,*,,*,***,#M≈..#.....§§§§§..#,*
#,,,,,,,,,*,###..#..§..§§§§...#,*
#,,,,,,,,,*,*,+..##..^^§§^..^##,*


You could see the 27-headed Lernaean hydra.

Vanquished Creatures
  A golden dragon (D)
  A shadow dragon (D)
  A lorocyproca (D)
  A deep elf annihilator (D)
  A hydra (D)
  2 centaur warriors (D)
  Sonja (D)
  2 unseen horrors (D)
  A deep troll (D)
  A lindwurm (D)
  An oklob plant (D)
  A gargoyle (D)
  A siren (D)
  2 kobold demonologists (D)
  A hellwing (D)
  3 demonic crawlers (D)
  A slime creature (D)
  13 hogs (D)
  Sigmund (D)
  4 trapdoor spiders (D)
  A yak (D)
  6 necrophages (D)
  An ogre (D)
  2 wasps (D)
  8 jellies (D)
  Ijyb (D)
  3 giant eyeballs (D)
  2 ballistomycetes (D)
  A giant spore (D)
65 creatures vanquished.

Vanquished Creatures (others)
  A siren (D)
  A gargoyle (D)
  A demonic crawler (D)
  A necrophage (D)
  3 wasps (D)
  A giant spore (D)
8 creatures vanquished.

Grand Total: 73 creatures vanquished

Notes
Turn   | Place    | Note
--------------------------------------------------------------
     0 | D        | Kidiri the Spriggan Enchanter began the quest for the Orb.
     0 | D        | Reached XP level 1. HP: 9/9 MP: 5/5
     4 | D        | Noticed Ijyb
    42 | D        | Killed Ijyb
    42 | D        | Reached skill level 5 in Dodging
    42 | D        | Reached skill level 6 in Stealth
    42 | D        | Reached XP level 2. HP: 13/13 MP: 4/8
   178 | D        | Learned a level 2 spell: Ensorcelled Hibernation
   179 | D        | Noticed an ogre
   181 | D        | Killed an ogre
   181 | D        | Reached skill level 7 in Dodging
   181 | D        | Reached skill level 8 in Stealth
   181 | D        | Reached skill level 5 in Spellcasting
   181 | D        | Reached skill level 5 in Hexes
   181 | D        | Reached skill level 1 in Ice Magic
   181 | D        | Reached XP level 3. HP: 16/16 MP: 7/11
   181 | D        | Reached XP level 4. HP: 21/21 MP: 7/12
   188 | D        | Learned a level 3 spell: Confuse
   192 | D        | Learned a level 3 spell: Tukima's Dance
   196 | D        | Learned a level 3 spell: Dazzling Spray
   237 | D        | Noticed Sigmund
   240 | D        | Killed Sigmund
   240 | D        | Reached skill level 10 in Stealth
   240 | D        | Reached skill level 1 in Conjurations
   240 | D        | Reached XP level 5. HP: 24/24 MP: 13/16
   255 | D        | Found a deep blue altar of Sif Muna.
   256 | D        | Noticed a jelly
   257 | D        | Found a radiant altar of Vehumet.
   261 | D        | Found a snail-covered altar of Cheibriados.
   261 | D        | Found a viscous altar of Jiyva.
   261 | D        | Found a shadowy altar of Dithmenos.
   261 | D        | Found a blossoming altar of Fedhas.
   261 | D        | Noticed a slime creature
   265 | D        | Killed a slime creature
   265 | D        | Reached skill level 5 in Short Blades
   265 | D        | Reached skill level 10 in Dodging
   265 | D        | Reached skill level 11 in Stealth
   265 | D        | Reached XP level 6. HP: 28/28 MP: 12/18
   267 | D        | Became a worshipper of Dithmenos the Shadowed
   315 | D        | Killed a gargoyle
   409 | D        | Killed a jelly
   446 | D        | Found Cuowky's Assorted Antiques.
   446 | D        | Found a white marble altar of Elyvilon.
   446 | D        | Found a stormy altar of Qazlal.
   446 | D        | Found a burning altar of Makhleb.
   446 | D        | Found a sacrificial altar of Ru.
   446 | D        | Found a basalt altar of Yredelemnul.
   446 | D        | Found a glowing golden altar of the Shining One.
   446 | D        | Found a sparkling altar of Nemelex Xobeh.
   446 | D        | Found a shimmering altar of Xom.
   446 | D        | Found an opulent altar of Gozag.
   446 | D        | Found an ancient bone altar of Kikubaaqudgha.
   446 | D        | Found a glowing silver altar of Zin.
   446 | D        | Noticed a yak
   447 | D        | Found an iron altar of Okawaru.
   448 | D        | Killed a yak
   448 | D        | Reached skill level 1 in Invocations
   448 | D        | Reached XP level 7. HP: 32/32 MP: 18/20
   449 | D        | Found a bloodstained altar of Trog.
   454 | D        | Bought a faintly humming robe for 96 gold pieces
   464 | D        | Identified the +2 robe of the Fisher {rCorr Str-4 Int+2} (You bought it in a shop in the Dungeon)
   464 | D        | Lost strength.
   601 | D        | Noticed Sonja
   606 | D        | Killed Sonja
   606 | D        | Reached skill level 13 in Stealth
   606 | D        | Reached skill level 10 in Spellcasting
   606 | D        | Reached XP level 8. HP: 28/36 MP: 19/23
   685 | D        | Found Zehuag's Book Boutique.
   706 | D        | Noticed a deep troll
   710 | D        | Killed a deep troll
   720 | D        | Found Eshreluli's Armour Emporium.
   726 | D        | Bought a +2 robe of resistance for 490 gold pieces
   755 | D        | Noticed a centaur warrior
   755 | D        | Noticed a centaur warrior
   758 | D        | Killed a centaur warrior
   758 | D        | Reached skill level 14 in Stealth
   758 | D        | Reached skill level 5 in Ice Magic
   758 | D        | Reached XP level 9. HP: 39/39 MP: 23/25
   760 | D        | Killed a centaur warrior
   760 | D        | Acquired Dithmenos's first power
   760 | D        | Reached skill level 15 in Stealth
   771 | D        | Noticed a wasp
   774 | D        | Killed a wasp
   774 | D        | Reached skill level 5 in Invocations
   791 | D        | Noticed an oklob plant
   793 | D        | Killed an oklob plant
   800 | D        | Noticed a trapdoor spider
   813 | D        | Killed a trapdoor spider
   985 | D        | Noticed a trapdoor spider
   987 | D        | Killed a trapdoor spider
   988 | D        | Noticed a trapdoor spider
   989 | D        | Noticed a trapdoor spider
   992 | D        | Killed a trapdoor spider
   992 | D        | Acquired Dithmenos's second power
   995 | D        | Killed a trapdoor spider
   995 | D        | Reached skill level 5 in Conjurations
   995 | D        | Reached XP level 10. HP: 28/44 MP: 21/27
  1116 | D        | Noticed an unseen horror
  1116 | D        | Noticed an unseen horror
  1121 | D        | Killed an unseen horror
  1121 | D        | Reached skill level 16 in Stealth
  1123 | D        | Killed an unseen horror
  1125 | D        | Noticed a jelly
  1125 | D        | Noticed a jelly
  1125 | D        | Noticed a jelly
  1125 | D        | Noticed a jelly
  1125 | D        | Noticed a jelly
  1125 | D        | Noticed a jelly
  1125 | D        | Noticed a jelly
  1127 | D        | Killed a jelly
  1128 | D        | Killed a jelly
  1128 | D        | Acquired Dithmenos's third power
  1130 | D        | Killed a jelly
  1135 | D        | Killed a jelly
  1135 | D        | Reached skill level 10 in Hexes
  1137 | D        | Killed a jelly
  1139 | D        | Killed a jelly
  1139 | D        | Reached skill level 15 in Dodging
  1143 | D        | Noticed a necrophage
  1143 | D        | Noticed a necrophage
  1144 | D        | Noticed a necrophage
  1144 | D        | Noticed a necrophage
  1144 | D        | Noticed a necrophage
  1145 | D        | Killed a jelly
  1160 | D        | Killed a necrophage
  1160 | D        | Acquired Dithmenos's fourth power
  1165 | D        | Killed a necrophage
  1169 | D        | Killed a necrophage
  1174 | D        | Killed a necrophage
  1284 | D        | Noticed a necrophage
  1284 | D        | Noticed a necrophage
  1288 | D        | Killed a necrophage
  1294 | D        | Killed a necrophage
  1295 | D        | Killed a necrophage
  1362 | D        | Learned a level 2 spell: Stoneskin
  1368 | D        | Learned a level 5 spell: Irradiate
  1375 | D        | Learned a level 6 spell: Hydra Form
  1382 | D        | Learned a level 6 spell: Statue Form
  1488 | D        | Found Ediatex's Magic Scroll Shoppe.
  1488 | D        | Found Inuyguh's Armour Shop.
  1488 | D        | Found Noletwoff's Armour Boutique.
  1490 | D        | Found Wohu Siu's Food Emporium.
  1490 | D        | Found Afeppom's Food Shop.
  1490 | D        | Found Zaucipti's Antique Armour Shoppe.
  1490 | D        | Found Zodil's Assorted Antiques.
  1490 | D        | Found Musy Qam's General Store.
  1490 | D        | Found Yjumopodgh's Antique Armour Shop.
  1490 | D        | Found Xairghed's General Store.
  1498 | D        | Found Xoeng's Armour Boutique.
  1499 | D        | Found Hoza Ade's Armour Emporium.
  1499 | D        | Found Atucze's Antique Armour Boutique.
  1500 | D        | Found Wiaffy's Magic Scroll Emporium.
  1501 | D        | Bought a runed robe for 18 gold pieces
  1525 | D        | Bought a potion of mutation for 25 gold pieces
  1525 | D        | Gained mutation: You possess an exceptional clarity of mind. [potion of mutation]
  1525 | D        | Gained mutation: You are clumsy. (Dex -2) [potion of mutation]
  1525 | D        | Gained mutation: You have very sharp teeth. [potion of mutation]
  1530 | D        | Bought a scroll of identify for 22 gold pieces
  1530 | D        | Bought a scroll of magic mapping for 38 gold pieces
  1532 | D        | Bought a scroll of identify for 22 gold pieces
  1532 | D        | Bought a scroll of identify for 22 gold pieces
  1539 | D        | Bought a scroll of identify for 20 gold pieces
  1539 | D        | Bought a scroll of identify for 20 gold pieces
  1544 | D        | Bought a scroll of identify for 40 gold pieces
  1549 | D        | Bought a scroll of identify for 26 gold pieces
  1759 | D        | Bought a scroll of identify for 26 gold pieces
  1759 | D        | Bought a scroll of identify for 26 gold pieces
  1850 | D        | Noticed a kobold demonologist
  1851 | D        | Noticed a kobold demonologist
  1852 | D        | Killed a kobold demonologist
  1855 | D        | Killed a kobold demonologist
  1855 | D        | Reached skill level 1 in Transmutations
  1863 | D        | Noticed a demonic crawler
  1863 | D        | Noticed a demonic crawler
  1863 | D        | Noticed a demonic crawler
  1863 | D        | Noticed a demonic crawler
  1866 | D        | Killed a demonic crawler
  1866 | D        | Reached skill level 17 in Stealth
  1866 | D        | Reached skill level 1 in Earth Magic
  2162 | D        | Killed a demonic crawler
  2339 | D        | Killed a demonic crawler
  2407 | D        | Noticed a lindwurm
  2410 | D        | Killed a lindwurm
  2424 | D        | Noticed a hog
  2424 | D        | Noticed a hog
  2424 | D        | Noticed a hog
  2424 | D        | Noticed a hog
  2424 | D        | Noticed a hog
  2424 | D        | Noticed a hog
  2424 | D        | Noticed a hog
  2425 | D        | Noticed a hog
  2425 | D        | Noticed a hog
  2426 | D        | Noticed a hog
  2426 | D        | Killed a hog
  2427 | D        | Killed a hog
  2427 | D        | Reached XP level 11. HP: 46/46 MP: 29/29
  2428 | D        | Noticed a hog
  2429 | D        | Killed a hog
  2430 | D        | Killed a hog
  2432 | D        | Killed a hog
  2433 | D        | Noticed a hog
  2433 | D        | Noticed a hog
  2434 | D        | Killed a hog
  2435 | D        | Killed a hog
  2437 | D        | Killed a hog
  2438 | D        | Killed a hog
  2439 | D        | Killed a hog
  2441 | D        | Killed a hog
  2442 | D        | Killed a hog
  2444 | D        | Killed a hog
  2453 | D        | Learned a level 7 spell: Dragon Form
  2456 | D        | Killed a demonic crawler
  2476 | D        | Noticed a 12-headed hydra
  2478 | D        | Killed a 12-headed hydra
  2586 | D        | Noticed a gargoyle
  2588 | D        | Killed a gargoyle
  2588 | D        | Reached skill level 18 in Stealth
  2801 | D        | Noticed Norris
  2801 | D        | Noticed a lorocyproca
  2811 | D        | Killed a lorocyproca
  2811 | D        | Reached skill level 5 in Transmutations
  2984 | D        | Bought a book of Burglary for 1050 gold pieces
  3075 | D        | Noticed a shadow dragon
  3077 | D        | Noticed a golden dragon
  3078 | D        | Killed a golden dragon
  3078 | D        | Reached skill level 10 in Short Blades
  3078 | D        | Reached skill level 15 in Spellcasting
  3080 | D        | Killed a shadow dragon
  3080 | D        | Reached skill level 19 in Stealth
  3080 | D        | Reached XP level 12. HP: 50/50 MP: 26/32
  3139 | D        | Learned a level 3 spell: Passwall
  3189 | D        | Noticed a hellwing
  3189 | D        | Noticed a siren
  3189 | D        | Noticed a deep elf annihilator
  3189 | D        | Noticed an oklob plant
  3189 | D        | Noticed a mummy priest
  3189 | D        | Noticed a siren
  3189 | D        | Noticed a wasp
  3189 | D        | Noticed a wasp
  3189 | D        | Killed a hellwing
  3190 | D        | Killed a deep elf annihilator
  3192 | D        | Noticed a wasp
  3192 | D        | Noticed a wasp
  3224 | D        | Found Cagumoad's Assorted Antiques.
  3261 | D        | Killed a siren
  3278 | D        | Killed a siren
  3335 | D        | Killed a wasp
  3415 | D        | Killed a wasp
  3431 | D        | Noticed the 27-headed Lernaean hydra
  3442 | D        | Killed a wasp
  3444 | D        | Killed a wasp
  3457 | D        | Slain by the 27-headed Lernaean hydra

Vault maps used:
D:        dungeon_sprint_1

Action                   |  1- 3 |  4- 6 |  7- 9 | 10-12 || total
-------------------------+-------+-------+-------+-------++-------
Melee: Dagger            |    24 |     4 |    12 |    61 ||   101
 Fire: Shortbow          |       |       |       |     1 ||     1
 Cast: Corona            |     4 |       |       |       ||     4
       Ensorcelled Hiber |     1 |       |     5 |     8 ||    14
       Dazzling Spray    |       |     1 |       |    13 ||    14
       Confuse           |       |       |     1 |    15 ||    16
       Stoneskin         |       |       |       |     1 ||     1
       Passwall          |       |       |       |     2 ||     2
Invok: Shadow Step       |       |       |       |     6 ||     6
  Use: Potion            |     1 |       |       |     1 ||     2
       Scroll            |       |       |       |    12 ||    12
 Stab: Sleeping          |     1 |     4 |     9 |    36 ||    50
       Confused          |       |       |     1 |     6 ||     7
       Invisible         |       |       |       |     2 ||     2
  Eat: Bread ration      |       |       |       |     1 ||     1
